 Dungeon Crawl Stone Soup version 0.29-a0-451-gfbfa42419e (webtiles) character file.

Game seed: 1416901360082548549

1320 Bruhh the Frost Mage (level 8, -1/52 HPs)
             Began as a Barachi Ice Elementalist on May 19, 2022.
             Was an Initiate of Ru.
             Slain by a vampire (9 damage)
             ... on level 6 of the Dungeon.
             The game lasted 00:09:11 (5382 turns).

Bruhh the Frost Mage (Barachi Ice Elementalist)     Turns: 5382, Time: 00:09:12

Health: -1/52      AC:  2    Str: 10    XL:     8   Next: 59%
Magic:  1/15       EV: 12    Int: 17    God:    Ru [......]
Gold:   285        SH:  0    Dex: 13    Spells: 8/17 levels left

rFire   + . .      SeeInvis .   t - +1 whip (drain)
rCold   . . .      Faith    .   (no shield)
rNeg    . . .      Spirit   .   l - +0 robe {rF+}
rPois   .          Reflect  .   (no helmet)
rElec   .          Harm     .   (no cloak)
rCorr   .          Rampage  .   (no gloves)
Will    .....                   (no boots)
Stlth   ++........              b - amulet of regeneration
HPRegen 0.97/turn               p - ring of wizardry
MPRegen 0.14/turn               d - ring of wizardry

@: mighty, slow
A: amphibious, slowness 1, strong legs 1, +LOS
a: Hop, Renounce Religion


You were on level 6 of the Dungeon.
You worshipped Ru.
Ru was noncommittal.
You visited 1 branch of the dungeon, and saw 6 of its levels.

You collected 285 gold pieces.

Inventory:

Hand Weapons
 k - a +0 club
 t - a +1 whip of draining (weapon)
Armour
 a - a +0 robe
 l - a +0 robe of fire resistance (worn)
Jewellery
 b - an amulet of regeneration (around neck)
 d - a ring of wizardry (right hand)
 p - a ring of wizardry (left hand)
 v - a +6 ring of dexterity
 y - a ring of poison resistance
Scrolls
 c - a scroll of enchant armour
 f - 3 scrolls of enchant weapon
 g - 7 scrolls of teleportation
 h - a scroll of magic mapping
 i - 2 scrolls of immolation
 j - a scroll of brand weapon
 r - a scroll of poison
 u - a scroll of fear
 w - 2 scrolls of fog
 x - a scroll of summoning {unknown}
 z - a scroll of identify
 A - a scroll of noise {unknown}
Potions
 m - 2 potions of lignification
 n - a potion of haste {unknown}
 o - a potion of invisibility
 q - a potion of attraction
 s - 2 potions of mutation {unknown}
 B - a potion of degeneration {unknown}
 C - a potion of ambrosia {unknown}


   Skills:
 - Level 2.1 Dodging
 - Level 1.7 Stealth
 + Level 5.2 Spellcasting
 - Level 3.0 Fire Magic
 + Level 11.1 Ice Magic


You had 8 spell levels left.
You knew the following spells:

 Your Spells              Type           Power      Damage    Failure   Level
a - Freeze                Ice            100%       1d11      1%          1
b - Frozen Ramparts       Ice            84%        1d10      1%          3
c - Ozocubu's Armour      Ice            42%        N/A       1%          3
d - Scorch                Fire           28%        2d6       1%          2

Your spell library contained the following spells:

 Spells                   Type           Power      Damage    Failure   Level
 Summon Small Mammal      Summ           16%        N/A       4%          1
 Hailstorm                Conj/Ice       23%        3d7       4%          4
 Call Canine Familiar     Summ           4%         N/A       11%         3
 Summon Guardian Golem    Hex/Summ       4%         N/A       11%         3
 Flame Wave               Conj/Fire      9%         2d5       19%         4
 Ozocubu's Refrigeration  Ice            21%        4d9       28%         7
 Summon Cactus Giant      Summ           2%         N/A       99%         6


Dungeon Overview and Level Annotations

Branches:
Dungeon (6/15)
 Temple: D:4-7

Altars:
Dithmenos
Nemelex Xobeh
Ru
Trog
Uskayaw
Xom

Shops:
D:4 *


Innate Abilities, Weirdness & Mutations

You are amphibious.
You cover ground slowly.
You can hop short distances.
You have an extended range of vision and can be seen from far away.


Message History

Flames lash the vampire.
The vampire is almost destroyed.
The vampire resists.
The wall freezes the vampire.
The vampire hits you. The vampire closely misses you.
Unknown command.
Casting: Scorch (safe; 1% risk of failure)
Confirm with . or Enter, or press ? or * to list all spells.
Flames lash the vampire but do no damage.
The vampire resists.
The wall freezes the vampire.
The vampire draws life force from you!
The vampire is healed by the life force!
Unknown command.
Unknown command.
Casting: Scorch (safe; 1% risk of failure)
Confirm with . or Enter, or press ? or * to list all spells.
Okay, then.
You feel very mighty all of a sudden.
The vampire resists.
The wall freezes the vampire.
The vampire draws life force from you!
* * * LOW HITPOINT WARNING * * *
The vampire is healed by the life force!
You closely miss the vampire.
The vampire is heavily damaged.
The vampire resists.
The wall freezes the vampire.
The vampire completely misses you. The vampire closely misses you.
You barely miss the vampire.
The vampire is severely damaged.
The frozen ramparts melt away.
The vampire hits you but does no damage.
The vampire barely misses you.
You hit the vampire.
The vampire is almost destroyed.
The vampire hits you.
* * * LOW HITPOINT WARNING * * *
The vampire completely misses you.
Unknown command.
You hit the vampire but do no damage.
The vampire is severely damaged.
The vampire hits you!
You die...

.# .# .# ## .# ..
.# .# .#### ..#
....#
#########..###
..#.#
#........)...#
....#
#.#####@?###.#
....######.######V#
..........[.......#
....###.##.###.##..
....# #.##<# ...
#.#.# #.##.# ....
#.#.###.##.# .....
#.#........# ....##
...####.###.. ....#


You could see a vampire (combustible).

Vanquished Creatures
  Eustachio (D:4)
  Menkaure (D:4)
  An ice beast (D:4)
  2 ogres (D:5)
  A centaur (D:5)
  A kobold brigand (D:6)
  A scorpion (D:5)
  A howler monkey (D:5)
  6 hounds
  A jelly (D:3)
  An orc priest (D:4)
  2 iguanas
  An orc wizard (D:4)
  Natasha (thrice) (D:2)
  6 adders
  3 ufetubi
  A worm (D:3)
  A dart slug (D:5)
  11 orcs
  4 ball pythons
  5 bats
  6 endoplasms
  2 giant cockroaches (D:3)
  4 goblins
  7 hobgoblins
  7 jackals
  3 quokkas
  5 frilled lizards
  11 kobolds
  10 rats
109 creatures vanquished.

Notes
Turn   | Place    | Note
-------+----------+-------------------------------------------
     0 | D:1      | Bruhh the Barachi Ice Elementalist began the quest for the
                  | Orb.
     0 | D:1      | Reached XP level 1. HP: 13/13 MP: 3/3
    35 | D:1      | Reached skill level 5 in Ice Magic
   344 | D:1      | Reached XP level 2. HP: 19/19 MP: 2/5
   848 | D:1      | Found a faded altar of an unknown god.
   871 | D:1      | Reached XP level 3. HP: 24/24 MP: 5/7
   922 | D:1      | Prayed at the altar of an unknown god.
   922 | D:1      | Became a worshipper of Ru the Awakened
  1091 | D:2      | Noticed Natasha
  1097 | D:2      | Killed Natasha
  1103 | D:2      | Learned a level 3 spell: Frozen Ramparts
  1107 | D:2      | Learned a level 3 spell: Ozocubu's Armour
  1269 | D:2      | Noticed Natasha
  1270 | D:2      | Reached XP level 4. HP: 13/30 MP: 5/9
  1430 | D:2      | Killed Natasha
  1431 | D:2      | Reached skill level 6 in Ice Magic
  1483 | D:2      | Noticed Natasha
  1493 | D:2      | Killed Natasha
  1494 | D:2      | Reached XP level 5. HP: 27/35 MP: 2/10
  2054 | D:3      | Found a bloodstained altar of Trog.
  2170 | D:3      | Found a shadowy altar of Dithmenos.
  2326 | D:3      | Reached XP level 6. HP: 40/41 MP: 10/12
  2465 | D:3      | Found a hide-covered altar of Uskayaw.
  2648 | D:3      | Reached skill level 7 in Ice Magic
  3222 | D:4      | Noticed an ice beast
  3327 | D:4      | Learned a level 2 spell: Scorch
  3376 | D:4      | Noticed Menkaure
  3379 | D:4      | Killed Menkaure
  3380 | D:4      | Reached skill level 5 in Spellcasting
  3380 | D:4      | Reached XP level 7. HP: 46/46 MP: 5/14
  3451 | D:4      | Found Jacvusi's General Store.
  3693 | D:4      | Noticed Eustachio
  3701 | D:4      | Killed Eustachio
  3702 | D:4      | Reached skill level 8 in Ice Magic
  3913 | D:5      | Entered Level 5 of the Dungeon
  3934 | D:5      | Found a shimmering altar of Xom.
  4040 | D:5      | Reached skill level 9 in Ice Magic
  4246 | D:5      | Reached XP level 8. HP: 45/52 MP: 6/15
  4253 | D:5      | Reached skill level 10 in Ice Magic
  4534 | D:5      | Reached skill level 11 in Ice Magic
  4759 | D:5      | Found a sparkling altar of Nemelex Xobeh.
  4893 | D:6      | Noticed a vampire
  5382 | D:6      | Slain by a vampire

Illustrated notes

Levels and vault maps discovered:
D:1:      ebering_trefoil_twist, layout_basic,
          hellmonk_ecumenical_altar_inner_sanctum, kennysheep_pointless_box
D:2:      layout_loops_ring, uniq_natasha
D:3:      kennysheep_big_flooded_room, layout_basic,
          nicolae_dithmenos_the_darkroom, eat_drink_and_be_merry_uskayaw,
          amcnicky_altar_gilded
D:4:      layout_basic, serial_shops, nicolae_shop_trees, uniq_menkaure,
          uniq_eustachio
D:5:      layout_cave_pools, mainiacjoe_overflow_brackets,
          nemelex_spade_bored_becter
D:6:      layout_loops_ring, tgw_kikubaaqudgha

Skill      XL: |  1  2  3  4  5  6  7  8 |
---------------+-------------------------+-----
Ice Magic      | 5 6 7 9 11 | 11.1
Spellcasting   | 3 4 5 |  5.2
Fire Magic     | 2 3 |  3.0
Dodging        | |  2.1
Stealth        | |  1.7

Action                   |  1- 3 |  4- 6 |  7- 9 || total
-------------------------+-------+-------+-------++-------
Melee: Unarmed           |    13 |       |       ||    13
       Club              |     5 |    12 |       ||    17
       Whip              |       |    10 |    17 ||    27
       Punch             |       |     1 |     1 ||     2
 Cast: Freeze            |    39 |    46 |     1 ||    86
       Frozen Ramparts   |       |     5 |     5 ||    10
       Ozocubu's Armour  |       |     5 |     3 ||     8
       Scorch            |       |     4 |    52 ||    56
Invok: Reject Sacrifices |     1 |       |       ||     1
 Abil: Hop               |       |     2 |       ||     2
  Use: Potion            |     1 |     4 |     3 ||     8
       Scroll            |       |     6 |     3 ||     9
Armor: Robe              |    11 |    21 |    10 ||    42
Dodge: Dodged            |    28 |    60 |    39 ||   127

Table legend: (Time is in decaauts)
 A = Elapsed time spent in this place.
 B = Non-inter-level travel time spent in this place.
 C = Inter-level travel time spent in this place.
 D = Time resting spent in this place.
 E = Time spent auto-exploring this place.
 F = Levels seen in this place.
 G = Mean time per level.
                   A        B        C        D        E       F      G
               +--------+--------+--------+--------+--------+-----+--------+
         Total |   5976 |   5680 |    296 |    404 |   4328 |   6 |  996.0 |
       Dungeon |   5976 |   5680 |    296 |    404 |   4328 |   6 |  996.0 |
               +--------+--------+--------+--------+--------+-----+--------+

Top non-repeatable levels by time:
     D:3: 1468 daAuts
     D:5: 1223 daAuts
     D:1: 1046 daAuts
     D:2: 1003 daAuts
     D:4: 839 daAuts
     D:6: 394 daAuts
